Map: New Repugnancy LE

Players

MaSa - Winner!

  • Race: Terran Terran
  • League: Grandmaster
  • Spawn Location: 7:00

firefly

  • Race: Protoss Protoss
  • League: Gold
  • Spawn Location: 1:00

Event: 2019 WCS Winter Americas

VOD

Have the link to the VOD?

Description

Time

  • Played on: Feb. 15, 2019, 12:57 p.m.
  • Length: 5:28

All games in this series

Show
View Real Time Build Order
Export as new Build Order

MaSa Terran - Winner!

Build Orders:  

Get SALT Encoding   

  12  0:00  SCV  
  13  0:12  SCV  
  14  0:17  Supply Depot  
  14  0:24  SCV  
  15  0:38  SCV  
  15  0:40  Barracks  
  16  0:43  Refinery  
  16  0:50  SCV  
  17  1:02  SCV  
  18  1:14  SCV  
  19  1:27  Orbital Command, Marine  
  19  1:29  Supply Depot  
  20  1:47  Reaper  
  21  1:55  Command Center  
  21  2:00  SCV  
  22  2:05  Factory  
  22  2:11  Bunker  
  22  2:12  SCV  
  23  2:19  Marine  
  24  2:26  Command Center  
  24  2:29  SCV  
  25  2:36  Marine  
  25  2:41  SCV  
  27  2:47  Barracks  
  27  2:50  Factory Tech Lab  
  27  2:54  SCV  
  27  2:56  Marine  
  29  2:58  Refinery  
  29  3:06  SCV  
  30  3:16  Supply Depot  
  30  3:24  Marine  
  31  3:33  Bunker, Supply Depot  
  31  3:37  Marine  
  31  3:38  SCV, Siege Tank  
  36  3:42  Orbital Command  
  36  3:46  Marine  
  37  3:50  SCV  
  38  4:00  Starport  
  38  4:05  Barracks Reactor  
  38  4:07  SCV  
  37  4:22  Siege Tank  
  37  4:23  SCV  
  40  4:30  SCV  
  41  4:31  Marine  
  43  4:42  Marine x2  
  44  4:48  Viking  
  46  4:55  Supply Depot  
  46  5:06  SCV  
  45  5:07  SCV  
Show
View Real Time Build Order
Export as new Build Order

firefly Protoss 

Build Orders:  

Get SALT Encoding   

  12  0:08  Pylon  
  12  0:13  Probe  
  13  0:26  Gateway  
  13  0:28  Probe  
  14  0:36  Probe  
  14  0:42  Assimilator  
  15  0:45  Probe  
  16  0:53  Assimilator  
  16  0:57  Probe  
  17  1:09  Probe  
  18  1:13  Cybernetics Core  
  18  1:25  Assimilator  
  18  1:30  Probe  
  19  1:36  Pylon  
  20  1:50  Adept  
  19  1:54  Robotics Facility  
  19  2:01  Warp Gate  
  20  2:07  Probe  
  21  2:20  Adept  
  23  2:29  Pylon  
  23  2:32  Immortal  
  27  2:49  Shield Battery  
  27  3:09  Immortal  
  27  3:12  Probe  
  28  3:30  Probe  
  29  3:36  Shield Battery  
  29  3:50  Observer  
  29  3:53  Shield Battery  
  30  3:58  Adept  
  30  3:59  Probe  
  33  4:12  Warp Prism  
  35  4:35  Adept  
  37  4:39  Pylon  
  37  4:43  Probe  
Tags
 
Add a new tag
Caveats
  • Supply blocks, unpowered buildings, or Contaminate may cause inaccurate times.
  • Supply counts are checked every 10 seconds.